 Dungeon Crawl Stone Soup version 0.29-a0-271-gd4eb659eea (webtiles) character file.

Game seed: 6868009693032849075

88 frimble the Skirmisher (level 4, -3/37 HPs)
             Began as a Djinni Cinder Acolyte on Mar 9, 2022.
             Was a High Priest of Ignis.
             Splashed by a jelly's acid (6 damage)
             ... on level 4 of the Dungeon.
             The game lasted 00:02:45 (3672 turns).

frimble the Skirmisher (Djinni Cinder Acolyte)      Turns: 3672, Time: 00:02:45

Health: -3/37      AC: -1    Str: 13    XL:     4   Next: 81%
Gold:   186        EV: 11    Int: 17    God:    Ignis [*****.] SH:  0 Dex:  9

rFire   + + +      SeeInvis .   a - -1 short sword (flame)
rCold   x . .      Faith    .   (no shield)
rNeg    . . .      Spirit   .   b - +0 robe
rPois   ∞          Reflect  .   i - +0 helmet
rElec   .          Harm     .   (no cloak)
rCorr   .          Rampage  .   (no gloves)
Will    .....                   (boots unavailable)
Stlth   +.........              (no amulet)
HPRegen 0.12/turn               (no ring)
MPRegen 0.00/turn               (no ring)

@: corroded, flying, hasted, very quick
A: sickness immunity, fire resistance 2, cold vulnerability 1, float, innate
caster, HP casting, extra vitality 1
a: Renounce Religion, Fiery Armour, Foxfire Swarm, Rising Flame


You were on level 4 of the Dungeon.
You worshipped Ignis.
Ignis was extremely pleased with you.
You visited 1 branch of the dungeon, and saw 4 of its levels.

You collected 186 gold pieces.

Inventory:

Hand Weapons
 a - a -1 short sword of flaming (weapon)
Armour
 b - a +0 robe (worn)
 i - a +0 helmet (worn)
Scrolls
 g - a scroll of vulnerability
Potions
 c - 5 potions of mutation
 d - a potion of flight
 e - a potion of berserk rage {unknown}
 f - a potion of haste
 h - a potion of curing {unknown}
 j - a potion of might {unknown}
 l - a potion of brilliance {unknown}


   Skills:
 + Level 3.8 Fighting
 + Level 3.4 Short Blades
 + Level 3.1 Spellcasting


You had 6 spell levels left.
You knew the following spells:

 Your Spells              Type           Power      Damage    Failure   Level
a - Scorch                Fire           26%        2d6       8%          2
b - Sting                 Tmut/Pois      52%        1d5       4%          1
Your spell library was empty.

Dungeon Overview and Level Annotations

Branches:
Dungeon (4/15)
 Temple: D:4-7

Altars:
Hepliaklqana
Zin

Annotations:
D:1 diggie


Innate Abilities, Weirdness & Mutations

You are immune to sickness and miasma.
You are immune to poison.
Your flesh is very heat resistant. (rF++)
You are vulnerable to cold. (rC-)
You float through the air rather than walking.
You learn spells naturally, not from books.
Your magical power is your life essence.
You have superior vitality. (+4 MHP)


Message History

A jelly is nearby!
A jelly is nearby!
A jelly is nearby!
A jelly is nearby!
The jelly quivers.
The jelly hits you. The acid corrodes you!
You are splashed with acid.
You completely miss the jelly. The jelly closely misses you.
You hit the jelly but do no damage.
Your hands burn!
The jelly closely misses you.
You hit the jelly. You burn the jelly.
Your hands burn!
The jelly is lightly wounded.
The jelly hits you.
You are splashed with acid!
You are too injured to fight recklessly!
You are too injured to fight recklessly!
You are too injured to fight recklessly!
You are too injured to fight recklessly!
You are too injured to fight recklessly!
You are too injured to fight recklessly!
You are too injured to fight recklessly!
You are too injured to fight recklessly!
Casting: Scorch (safe; 8% risk of failure)
Confirm with . or Enter, or press ? or * to list all spells.
Flames lash the jelly.
The jelly is heavily wounded.
The jelly's fire resistance burns away.
The jelly hits you.
* * * LOW HITPOINT WARNING * * *
The acid corrodes you!
You are splashed with acid!
* * * LOW HITPOINT WARNING * * *
Casting: Scorch (safe; 8% risk of failure)
Confirm with . or Enter, or press ? or * to list all spells.
Okay, then.
Okay, then.
The jelly attacks as you move away! The jelly closely misses you.
You aren't carrying any items that you can evoke.
Okay, then.
The jelly is no longer more vulnerable to fire.
It was a potion of haste.
You feel yourself speed up. The jelly hits you.
* * * LOW HITPOINT WARNING * * *
You are splashed with acid.
You die...

≈≈≈≈≈..
#.......#....
≈≈≈....
###.....#####
.......##+
#....#### #
.........####....#
#
...≈...#.#.....###
#
..≈≈≈..#.#.......#
#
...≈≈.##.###.#...#
# ...#.#
#J#....#### # #.
#. #@#....# # # #
#....### #......#
#......#
#........#
#........#
##########


You could see a jelly.

Vanquished Creatures
  3 adders
  A worm (D:2)
  An orc (D:3)
  5 endoplasms
  3 giant cockroaches
  5 goblins
  3 hobgoblins
  3 quokkas
  11 ball pythons
  6 bats
  2 frilled lizards
  6 kobolds
  8 rats
  A spectral kobold (D:3)
58 creatures vanquished.

Notes
Turn   | Place    | Note
-------+----------+-------------------------------------------
     0 | D:1      | frimble the Djinni Cinder Acolyte began the quest for the
                  | Orb.
     0 | D:1      | Reached XP level 1. HP: 20/20 MP: 0/0
     9 | D:1      | Noticed a centaur
   377 | D:1      | Reached XP level 2. HP: 25/25 MP: 0/0
   378 | D:1      | Found a faded altar of an unknown god.
  1056 | D:2      | Reached XP level 3. HP: 19/30 MP: 0/0
  1056 | D:2      | Learned a level 1 spell: Sting
  1847 | D:2      | Reached XP level 4. HP: 29/36 MP: 0/0
  3223 | D:3      | Found a glowing silver altar of Zin.
  3320 | D:3      | Found a hazy altar of Hepliaklqana.
  3672 | D:4      | Splashed by a jelly's acid

Illustrated notes

Levels and vault maps discovered:
D:1:      evilmike_arrival_come_back, layout_loops_ring,
          hellmonk_ecumenical_altar_run_dry
D:2:      layout_basic
D:3:      layout_basic, nicolae_hepliaklqana_monster_ancestors, zin_statuary
D:4:      layout_basic, hangedman_decor_push, lemuel_old_faithful

Skill      XL: |  1  2  3  4 |
---------------+-------------+-----
Short Blades   | 3 |  3.4
Spellcasting   | 3 |  3.1
Fighting       | |  3.8

Action                   |  1- 3 |  4- 6 || total
-------------------------+-------+-------++-------
Melee: Short sword       |    87 |    79 ||   166
       Punch             |       |     1 ||     1
 Cast: Scorch            |     8 |    11 ||    19
       Sting             |     6 |       ||     6
  Use: Scroll            |     1 |     4 ||     5
       Potion            |       |     1 ||     1
 Stab: Sleeping          |       |     1 ||     1
Armor: Robe              |    27 |    34 ||    61
Dodge: Dodged            |    65 |    52 ||   117

Table legend: (Time is in decaauts)
 A = Elapsed time spent in this place.
 B = Non-inter-level travel time spent in this place.
 C = Inter-level travel time spent in this place.
 D = Time resting spent in this place.
 E = Time spent auto-exploring this place.
 F = Levels seen in this place.
 G = Mean time per level.
                   A        B        C        D        E       F      G
               +--------+--------+--------+--------+--------+-----+--------+
         Total |   3664 |   3522 |    142 |      0 |   3043 |   4 |  916.0 |
       Dungeon |   3664 |   3522 |    142 |      0 |   3043 |   4 |  916.0 |
               +--------+--------+--------+--------+--------+-----+--------+

Top non-repeatable levels by time:
     D:2: 1641 daAuts
     D:1: 1158 daAuts
     D:3: 757 daAuts
     D:4: 107 daAuts
